 Dungeon Crawl Stone Soup version 0.25-a0-855-g681bda5bb4 (webtiles) character file.

Game seed: 5911715426793925398, levelgen mode: deterministic

36 Maedhros the Magician (level 3, 0/24 HPs)
             Began as an Octopode Wanderer on Apr 26, 2020.
             Slain by an adder (4 damage)
             ... on level 3 of the Dungeon.
             The game lasted 00:00:44 (573 turns).

Maedhros the Magician (Octopode Wanderer)            Turns: 573, Time: 00:00:45

Health: 0/24       AC:  1    Str: 11    XL:     3   Next: 37%
Magic:  8/8        EV: 13    Int: 16    God:
Gold:   0          SH:  0    Dex: 10    Spells: 9/10 levels left

rFire    . . .     SeeInvis .   (no weapon)
rCold    . . .     Gourm    .   (no shield)
rNeg     . . .     Faith    .   (helmet restricted)
rPois    .         Spirit   .   (no amulet)
rElec    .         Reflect  .   (no ring)
rCorr    .         Harm     .   (no ring)
MR       .....                  (no ring)
Stlth    +++.......             (no ring)
HPRegen  0.08/turn              (no ring)
MPRegen  0.11/turn              (no ring)
                                (no ring)
                                (no ring)

@: lethally poisoned (0 -> -3)
A: almost no armour, stealthy swim, amphibious, 8 rings, constrict 8, camouflage
1, gelatinous body 1
a: no special abilities


You were on level 3 of the Dungeon.
You were not hungry.

You visited 1 branch of the dungeon, and saw 3 of its levels.

Inventory:

Scrolls
 a - a scroll of identify {unknown}
 c - a scroll of teleportation
Comestibles
 f - 2 rations


   Skills:
 + Level 2.0 Fighting
   Level 1.0 Staves
 + Level 1.4 Dodging
 + Level 3.7 Stealth
 - Level 4.0 Spellcasting
   Level 1.0 Translocations
   Level 1.1 Evocations


You had 9 spell levels left.
You knew the following spells:

 Your Spells              Type           Power        Failure   Level  Hunger
a - Magic Dart            Conj           #...         17%         1    None

Your spell library contained the following spells:

 Spells                   Type           Power        Failure   Level  Hunger
 Blink                    Tloc           N/A          17%         2    ##.....
 Call Imp                 Summ           #.......     26%         2    ##.....
 Slow                     Hex            #.......     26%         2    ##.....
 Conjure Flame            Conj/Fire      #.......     45%         3    ###....
 Mephitic Cloud           Conj/Pois/Air  #.......     45%         3    ###....


Dungeon Overview and Level Annotations

Branches:
Dungeon (3/15)

Altars:
Dithmenos


Innate Abilities, Weirdness & Mutations

You cannot wear most types of armour.
You are very stealthy in the water. (Stealth+)
You are amphibious.
You can wear up to eight rings at the same time.
You can use your tentacles to constrict eight enemies at once.
Your skin changes colour to match your surroundings (Stealth+).
Your rubbery body absorbs attacks. (AC +1, EV +1)


Message History

You aren't carrying any potions.
You tentacle-slap the adder but do no damage.
The adder is moderately wounded.
You constrict the adder. The adder misses you.
You tentacle-slap the adder.
The adder is heavily wounded.
You constrict the adder.
You feel sick. The adder barely misses you. The adder bites you.
The adder bites you but does no damage.
You barely miss the adder. You grab the adder. You constrict the adder.
You kill the adder!
Your Fighting skill increases to level 2!
You constrict the adder. The adder bites you.
* * * LOW HITPOINT WARNING * * *
Unknown command.
You barely miss the adder.
The adder is lightly wounded.
You constrict the adder.
* * * LOW HITPOINT WARNING * * *
You feel sick. The adder bites you.
You die...

#...##.# ......#
#....# #?...#
####....#
^.......######
#......o....#
#......S.>..#
#......†@.<.#
#....#.........#
#....#.######..#
#....#.# ..#
#... #.# .# #...
#.# .# #. .


You could see an adder and an orc.

Vanquished Creatures
  2 adders
  2 worms (D:2)
  2 leopard geckos (D:2)
  2 goblins (D:1)
  2 frilled lizards
  A kobold (D:2)
  2 rats
13 creatures vanquished.

Notes
Turn   | Place    | Note
-------+----------+-------------------------------------------
     0 | D:1      | Maedhros the Octopode Wanderer began the quest for the Orb.
     0 | D:1      | Maedhros set off with the following items: a +0
                  | quarterstaff, a scroll of teleportation, a +0 dagger, a
                  | ration; and the following spell memorised: Magic Dart; and
                  | the following spells available to memorise: Blink, Call
                  | Imp, Slow, Conjure Flame, Mephitic Cloud
     0 | D:1      | Reached XP level 1. HP: 13/13 MP: 5/5
   273 | D:2      | Reached XP level 2. HP: 16/18 MP: 7/7
   288 | D:2      | Reached skill level 1 in Dodging
   537 | D:2      | Found a shadowy altar of Dithmenos.
   544 | D:2      | Reached XP level 3. HP: 17/24 MP: 8/8
   573 | D:3      | Slain by an adder

Levels and vault maps discovered:
D:1:      onia_arrival_pentagram, layout_basic
D:2:      layout_basic, lemuel_crystal_altar, grunt_dithmenos_smoke,
          first_ration
D:3:      cheibrodos_thug_alley, layout_basic, lemuel_round_altar,
          lemuel_crystal_altar

Skill      XL: |  1  2  3 |
---------------+----------+-----
Stealth        | 3 |  3.7
Dodging        | 1 |  1.4
Fighting       | 2 |  2.0
Staves         | |  1.0
Spellcasting   | |  4.0
Translocations | |  1.0
Evocations     | |  1.1

Action                   || total
-------------------------++-------
Melee: Unarmed           ||    45
       Constrict         ||    11
       Tentacles         ||     8
 Stab: Sleeping          ||     5
Armor: Skin              ||     4
Dodge: Dodged            ||    22

Table legend:
 A = Non-vault XP
 B = Vault XP
 C = Vault XP percentage of total XP
 D = Non-vault monster count
 E = Vault monster count
 F = Vault count percentage of total count
                 A         B        C        D         E       F
            +---------+---------+-------+---------+---------+-------
      Total |      52 |       0 |   0.0 |      13 |       0 |   0.0
            +---------+---------+-------+---------+---------+-------
        D:1 |       6 |       0 |   0.0 |       4 |       0 |   0.0
        D:2 |      33 |       0 |   0.0 |       8 |       0 |   0.0
        D:3 |      13 |       0 |   0.0 |       1 |       0 |   0.0
            +---------+---------+-------+---------+---------+-------
